Avalanche vs Sabres

Created - January-18-15 at 10:10

Goals
1 2 3 T
Avalanche 0 1 0 1
Sabres 0 1 3 4
Shots
1 2 3 T
Avalanche 10 8 8 26
Sabres 9 13 12 34

1st period

No Goal

Penalties :
Paul Gaustad (BUF) for Hooking (Minor) at 7:16, Sami Vatanen (COL) for Interference (Minor) at 12:38, Paul Gaustad (BUF) for Hooking (Minor) at 16:09, Quinton Howden (COL) for Hooking (Minor) at 16:09, Oliver Ekman-Larsson (BUF) for Cross-checking (Minor) at 17:50

2nd period

1. Avalanche , Derek Stepan 19 (Ryane Clowe, Marcus Johansson) at 2:12
2. Sabres , Thomas Vanek 16 (Kyle Turris, Jason Pominville) at 3:02 (PP)

Penalties :
Jakob Silfverberg (COL) for Tripping (Minor) at 2:38, Vincent Lecavalier (COL) for Tripping (Minor) at 10:53

3rd period

3. Sabres , Jason Pominville 18 (Kyle Turris, Francois Beauchemin) at 0:26
4. Sabres , Thomas Vanek 17 (Brad Stuart, Johnny Oduya) at 3:58
5. Sabres , Brayden Schenn 11 (Francois Beauchemin, Oliver Ekman-Larsson) at 19:00

Penalties :
Francois Beauchemin (BUF) for Roughing (Minor) at 1:55, Quinton Howden (COL) for Interference (Minor) at 1:55

Goalie Stats

Mike Smith (COL), 30 saves from 34 shots - (0.882), L, 19-17-2, 60:00 minutes
Ondrej Pavelec (BUF), 25 saves from 26 shots - (0.962), W, 19-11-1, 60:00 minutes

Players Stats for Avalanche

Player Name              G  A  P  +/- PIM S  H  SB GA TA FO     MP     PP MP  PK MP  
------------------------------------------------------------------------------------
Boone Jenner             0  0  0   0  0   0  3  0  0  0  0/0     5:27   0:00   0:00 
Christopher Higgins      0  0  0  -2  0   2  3  0  0  0  0/1    22:30   1:50   2:40 
Cody Hodgson             0  0  0  -1  0   4  0  0  0  0  15/24  18:45   1:50   0:00 
Colby Robak              0  0  0  -1  0   1  0  0  0  0  0/0    18:50   0:00   1:53 
Derek Stepan             1  0  1   0  0   2  0  0  0  0  20/33  22:38   1:50   2:40 
Jakob Silfverberg        0  0  0  -1  2   2  0  0  0  0  0/0    11:27   0:00   0:00 
Keith Yandle             0  0  0   0  0   1  1  1  0  0  0/0    20:36   1:35   1:07 
Kevin Shattenkirk        0  0  0  -1  0   4  1  0  0  0  0/0    23:03   2:05   3:01 
Marcel Goc               0  0  0   0  0   1  0  0  0  0  7/13    7:09   0:00   1:42 
Marcus Johansson         0  1  1   1  0   1  0  0  0  0  0/0    16:50   1:50   0:00 
Markus Granlund          0  0  0   0  0   0  0  0  0  0  0/1     5:27   0:00   0:00 
Quinton Howden           0  0  0  -1  4   0  4  0  0  0  0/1    13:08   0:00   1:42 
Riley Sheahan            0  0  0  -1  0   1  0  0  0  0  6/15   11:28   0:00   0:00 
Ryane Clowe              0  1  1   0  0   2  3  0  0  0  0/2    17:55   1:50   0:00 
Sami Vatanen             0  0  0  -1  2   1  3  3  0  0  0/0    20:03   1:35   1:22 
Tyson Barrie             0  0  0   0  0   1  5  2  0  0  0/0    22:15   2:05   1:21 
Victor Bartley           0  0  0  -1  0   2  3  0  0  0  0/0    15:12   0:00   0:00 
Vincent Lecavalier       0  0  0  -1  2   1  1  0  0  0  2/3    18:52   1:50   0:00 

Players Stats for Sabres

Player Name              G  A  P  +/- PIM S  H  SB GA TA FO     MP     PP MP  PK MP  
------------------------------------------------------------------------------------
Brad Boyes               0  0  0   1  0   4  0  0  0  0  3/3    20:20   0:00   2:22 
Brad Stuart              0  1  1   0  0   0  2  0  0  0  0/0    13:44   0:00   1:06 
Brayden Schenn           1  0  1   1  0   2  3  0  0  0  0/2    17:35   1:13   0:45 
Braydon Coburn           0  0  0   1  0   0  1  0  0  0  0/0    18:53   1:54   0:18 
Daniel Winnik            0  0  0   0  0   0  1  0  0  0  2/2     7:29   0:00   2:33 
Eric Gelinas             0  0  0   0  0   1  0  0  0  0  0/0     3:22   0:00   0:00 
Francois Beauchemin      0  2  2   1  2   2  2  1  0  0  0/0    24:00   2:28   2:34 
Jason Pominville         1  1  2   1  0   4  0  0  0  0  0/1    21:57   3:09   0:00 
Johnny Oduya             0  1  1   0  0   4  0  0  0  0  0/0    13:22   0:00   0:44 
Jordan Staal             0  0  0   1  0   1  1  1  0  0  5/24   17:30   1:13   0:40 
Josh Gorges              0  0  0   1  0   2  1  0  0  0  0/0    20:25   1:54   1:50 
Kyle Turris              0  2  2   1  0   4  4  0  0  0  20/35  21:57   3:09   0:00 
Nino Niederreiter        0  0  0   0  0   0  2  0  0  0  0/1    13:32   1:13   0:00 
Oliver Ekman-Larsson     0  1  1   1  2   0  7  2  0  0  0/0    26:12   2:28   1:24 
Paul Byron               0  0  0   0  0   1  1  0  0  0  0/2    12:36   0:00   0:17 
Paul Gaustad             0  0  0   0  4   0  2  0  0  0  8/15   12:13   0:00   1:01 
Thomas Vanek             2  0  2   1  0   9  2  0  0  0  1/1    21:57   3:09   0:00 
Tom Pyatt                0  0  0   0  0   0  0  0  0  0  4/7     4:56   0:00   0:00 

3 Stars

1 - Thomas Vanek (BUF)
2 - Ondrej Pavelec (BUF)
3 - Jason Pominville (BUF)

Power Play

Avalanche - 0 on 2 Attempt(s) - 0.00%
Sabres - 1 on 3 Attempt(s) - 33.33%

Penalty Kill

Avalanche - 2 on 3 Attempt(s) - 66.67% - Score 0 goal in Penalty Kill
Sabres - 2 on 2 Attempt(s) - 100.00% - Score 0 goal in Penalty Kill

Team Stat

Avalanche - Hits : 27 - Faceoff Wins : 50 - Blocked Shots : 6 - Penalty Minutes : 10
Sabres - Hits : 29 - Faceoff Wins : 43 - Blocked Shots : 4 - Penalty Minutes : 8

Official

Referees : Dennis LaRue and Trevor Hanson
Linesman : Mark Shewchyk and John Grandt

Game Notes

Marcus Johansson is injured at 15:41 of 3rd period (Right Foot)

Finance

Level 1 -- Attendance: 6500 (100.00%) -- Ticket Income $585,000
Level 2 -- Attendance: 4558 (91.16%) -- Ticket Income $341,850
Level 3 -- Attendance: 2902 (82.91%) -- Ticket Income $159,610
Level 4 -- Attendance: 2690 (100.00%) -- Ticket Income $94,150
Luxury Box -- Attendance: 932 (93.20%) -- Ticket Income $186,400
Game was played at the First Niagara Center'
Total Attendance: 17582 (94.07%)
Total Ticket Income: $1,367,010
Other Income: $205,052
Total Income: $1,572,062

% Time on Ice - Avalanche

Lines # - Real PCT - Wanted PCT - Time Play
Normal Forward
1 - 34% - 34% - 16:05
2 - 31% - 32% - 15:00
3 - 24% - 24% - 11:28
4 - 11% - 10% - 5:27
Normal Defense
1 - 33% - 34% - 15:44
2 - 33% - 33% - 15:41
3 - 32% - 32% - 15:12
4 - 3% - 1% - 1:23
PP Forward
1 - 50% - 50% - 1:50
2 - 50% - 50% - 1:50
PP Defense
1 - 57% - 50% - 2:05
2 - 43% - 50% - 1:35
PK Forward
1 - 61% - 50% - 2:40
2 - 39% - 50% - 1:42
PK Defense
1 - 77% - 50% - 3:21
2 - 23% - 50% - 1:01
PK3 Forward
1 - 0% - 50%
2 - 0% - 50%
PK3 Defense
1 - 0% - 50%
2 - 0% - 50%
44 Forward
1 - 52% - 50% - 2:03
2 - 48% - 50% - 1:55
44 Defense
1 - 56% - 50% - 2:13
2 - 44% - 50% - 1:45
Last Minute Offensive  - 0:00
Last Minute Defensive  - 0:00
Total
Forward - 60:00
Defense - 60:00

% Time on Ice - Sabres

Lines # - Real PCT - Wanted PCT - Time Play
Normal Forward
1 - 39% - 40% - 18:48
2 - 27% - 30% - 13:02
3 - 23% - 20% - 11:14
4 - 10% - 10% - 4:56
Normal Defense
1 - 37% - 40% - 17:40
2 - 35% - 30% - 16:41
3 - 23% - 20% - 11:04
4 - 5% - 10% - 2:35
PP Forward
1 - 72% - 60% - 3:09
2 - 28% - 40% - 1:13
PP Defense
1 - 56% - 60% - 2:28
2 - 44% - 40% - 1:54
PK Forward
1 - 82% - 60% - 3:00
2 - 18% - 40% - 0:40
PK Defense
1 - 70% - 60% - 2:34
2 - 30% - 40% - 1:06
PK3 Forward
1 - 100% - 60% - 0:18
2 - 0% - 40% - 0:00
PK3 Defense
1 - 100% - 60% - 0:18
2 - 0% - 40% - 0:00
44 Forward
1 - 70% - 60% - 2:35
2 - 30% - 40% - 1:05
44 Defense
1 - 57% - 60% - 2:06
2 - 43% - 40% - 1:34
Last Minute Offensive  - 0:00
Last Minute Defensive  - 0:00
Total
Forward - 60:00
Defense - 60:00

Play by Play

1st period


0:01 of 1st period - Kyle Turris wins face-off versus Derek Stepan in neutral zone.
0:36 of 1st period - Icing by Oliver Ekman-Larsson.
0:37 of 1st period - Kyle Turris wins face-off versus Cody Hodgson in Sabres zone.
0:55 of 1st period - Icing by Keith Yandle.
0:56 of 1st period - Cody Hodgson wins face-off versus Jordan Staal in Avalanche zone.
0:56 of 1st period - Cody Hodgson is hit by Brayden Schenn.
2:51 of 1st period - Thomas Vanek is hit by Ryane Clowe and loses puck.
3:00 of 1st period - Shot by Kevin Shattenkirk.
3:00 of 1st period - Stopped by Ondrej Pavelec without a rebound.
3:01 of 1st period - Tom Pyatt wins face-off versus Marcel Goc in Sabres zone.
3:07 of 1st period - Shot by Brad Boyes.
3:07 of 1st period - Stopped by Mike Smith without a rebound.
3:08 of 1st period - Derek Stepan wins face-off versus Tom Pyatt in Avalanche zone.
3:28 of 1st period - Oliver Ekman-Larsson is hit by Kevin Shattenkirk and loses puck.
4:11 of 1st period - Shot by Marcel Goc.
4:11 of 1st period - Stopped by Ondrej Pavelec without a rebound.
4:12 of 1st period - Kyle Turris wins face-off versus Cody Hodgson in Sabres zone.
4:27 of 1st period - Shot by Jason Pominville.
4:27 of 1st period - Shot Misses the Net.
4:37 of 1st period - Icing by Josh Gorges.
4:38 of 1st period - Kyle Turris wins face-off versus Markus Granlund in Sabres zone.
4:38 of 1st period - Kyle Turris is hit by Boone Jenner.
5:41 of 1st period - Icing by Christopher Higgins.
5:42 of 1st period - Cody Hodgson wins face-off versus Jordan Staal in Avalanche zone.
5:57 of 1st period - Shot by Jordan Staal.
5:57 of 1st period - Shot Blocked by Sami Vatanen.
6:18 of 1st period - Jordan Staal is hit by Sami Vatanen and loses puck.
6:23 of 1st period - Shot by Brayden Schenn.
6:23 of 1st period - Stopped by Mike Smith without a rebound.
6:24 of 1st period - Derek Stepan wins face-off versus Kyle Turris in Avalanche zone.
6:57 of 1st period - Shot by Thomas Vanek.
6:57 of 1st period - Shot Blocked by Tyson Barrie.
6:59 of 1st period - Shot by Brad Stuart.
6:59 of 1st period - Shot Misses the Net.
7:16 of 1st period - Minor Penalty to Paul Gaustad for Hooking.
7:17 of 1st period - Brad Boyes wins face-off versus Cody Hodgson in Sabres zone.
7:28 of 1st period - Shot by Cody Hodgson.
7:28 of 1st period - Shot Blocked by Oliver Ekman-Larsson.
8:19 of 1st period - Off-side.
8:20 of 1st period - Daniel Winnik wins face-off versus Derek Stepan in neutral zone.
8:35 of 1st period - Shot by Kevin Shattenkirk.
8:35 of 1st period - Shot Misses the Net.
8:37 of 1st period - Shot by Kevin Shattenkirk.
8:37 of 1st period - Stopped by Ondrej Pavelec without a rebound.
8:38 of 1st period - Derek Stepan wins face-off versus Brayden Schenn in Sabres zone.
9:26 of 1st period - Icing by Victor Bartley.
9:27 of 1st period - Kyle Turris wins face-off versus Riley Sheahan in Avalanche zone.
9:40 of 1st period - Icing by Victor Bartley.
9:41 of 1st period - Riley Sheahan wins face-off versus Paul Gaustad in Avalanche zone.
9:48 of 1st period - Shot by Quinton Howden.
9:48 of 1st period - Shot Misses the Net.
9:50 of 1st period - Shot by Colby Robak.
9:50 of 1st period - Stopped by Ondrej Pavelec without a rebound.
9:51 of 1st period - Kyle Turris wins face-off versus Christopher Higgins in Sabres zone.
10:10 of 1st period - Shot by Cody Hodgson.
10:10 of 1st period - Stopped by Ondrej Pavelec with a rebound.
11:55 of 1st period - Colby Robak is hit by Josh Gorges and loses puck.
12:33 of 1st period - Shot by Johnny Oduya.
12:33 of 1st period - Stopped by Mike Smith without a rebound.
12:34 of 1st period - Kyle Turris wins face-off versus Marcel Goc in Avalanche zone.
12:34 of 1st period - Jason Pominville is hit by Sami Vatanen and loses puck.
12:38 of 1st period - Minor Penalty to Sami Vatanen for Interference.
12:39 of 1st period - Derek Stepan wins face-off versus Kyle Turris in Avalanche zone.
13:12 of 1st period - Shot by Thomas Vanek.
13:12 of 1st period - Stopped by Mike Smith without a rebound.
13:13 of 1st period - Jordan Staal wins face-off versus Derek Stepan in Avalanche zone.
14:06 of 1st period - Shot by Braydon Coburn.
14:06 of 1st period - Shot Blocked by Keith Yandle.
14:08 of 1st period - Shot by Kyle Turris.
14:08 of 1st period - Stopped by Mike Smith without a rebound.
14:09 of 1st period - Marcel Goc wins face-off versus Kyle Turris in Avalanche zone.
14:44 of 1st period - Shot by Brad Boyes.
14:44 of 1st period - Stopped by Mike Smith without a rebound.
14:45 of 1st period - Marcel Goc wins face-off versus Paul Gaustad in Avalanche zone.
14:45 of 1st period - Marcel Goc is hit by Paul Gaustad.
15:06 of 1st period - Icing by Sami Vatanen.
15:07 of 1st period - Marcel Goc wins face-off versus Jordan Staal in Avalanche zone.
15:24 of 1st period - Shot by Oliver Ekman-Larsson.
15:24 of 1st period - Shot Blocked by Sami Vatanen.
15:26 of 1st period - Shot by Brad Boyes.
15:26 of 1st period - Stopped by Mike Smith without a rebound.
15:27 of 1st period - Derek Stepan wins face-off versus Kyle Turris in Avalanche zone.
15:27 of 1st period - Derek Stepan is hit by Thomas Vanek.
15:54 of 1st period - Shot by Thomas Vanek.
15:54 of 1st period - Stopped by Mike Smith without a rebound.
15:55 of 1st period - Cody Hodgson wins face-off versus Brayden Schenn in Avalanche zone.
16:06 of 1st period - Shot by Tyson Barrie.
16:06 of 1st period - Stopped by Ondrej Pavelec without a rebound.
16:07 of 1st period - Paul Gaustad wins face-off versus Riley Sheahan in Sabres zone.
16:09 of 1st period - Minor Penalty to Paul Gaustad for Hooking.
16:09 of 1st period - Minor Penalty to Quinton Howden for Hooking.
16:10 of 1st period - Derek Stepan wins face-off versus Jordan Staal in neutral zone.
16:27 of 1st period - Shot by Derek Stepan.
16:27 of 1st period - Shot Misses the Net.
16:49 of 1st period - Shot by Derek Stepan.
16:49 of 1st period - Stopped by Ondrej Pavelec without a rebound.
16:50 of 1st period - Jordan Staal wins face-off versus Cody Hodgson in Sabres zone.
17:11 of 1st period - Shot by Johnny Oduya.
17:11 of 1st period - Stopped by Mike Smith without a rebound.
17:12 of 1st period - Cody Hodgson wins face-off versus Paul Byron in Avalanche zone.
17:43 of 1st period - Icing by Oliver Ekman-Larsson.
17:44 of 1st period - Derek Stepan wins face-off versus Paul Byron in Sabres zone.
17:50 of 1st period - Minor Penalty to Oliver Ekman-Larsson for Cross-checking.
17:51 of 1st period - Daniel Winnik wins face-off versus Derek Stepan in Sabres zone.
19:09 of 1st period - Shot by Marcus Johansson.
19:09 of 1st period - Stopped by Ondrej Pavelec without a rebound.
19:10 of 1st period - Cody Hodgson wins face-off versus Jordan Staal in Sabres zone.
19:13 of 1st period - Shot by Marcus Johansson.
19:13 of 1st period - Deflect By Cody Hodgson.
19:13 of 1st period - Stopped by Ondrej Pavelec without a rebound.
19:14 of 1st period - Cody Hodgson wins face-off versus Jordan Staal in Sabres zone.
19:45 of 1st period - Shot by Tyson Barrie.
19:45 of 1st period - Shot Blocked by Francois Beauchemin.
19:47 of 1st period - Shot by Kevin Shattenkirk.
19:47 of 1st period - Stopped by Ondrej Pavelec with a rebound.
19:52 of 1st period - Icing by Oliver Ekman-Larsson.
19:53 of 1st period - Kyle Turris wins face-off versus Riley Sheahan in Sabres zone.
19:53 of 1st period - Kyle Turris is hit by Quinton Howden.
Goals for this period are 0 for Avalanche vs 0 for Sabres.
Shots for this period are 10 for Avalanche vs 9 for Sabres.

2nd period


0:01 of 2nd period - Kyle Turris wins face-off versus Ryane Clowe in neutral zone.
0:51 of 2nd period - Icing by Kevin Shattenkirk.
0:52 of 2nd period - Derek Stepan wins face-off versus Jordan Staal in Avalanche zone.
0:52 of 2nd period - Derek Stepan is hit by Brayden Schenn.
1:03 of 2nd period - Icing by Jordan Staal.
1:04 of 2nd period - Vincent Lecavalier wins face-off versus Jordan Staal in Sabres zone.
1:48 of 2nd period - Shot by Brayden Schenn.
1:48 of 2nd period - Shot Misses the Net.
1:55 of 2nd period - Icing by Keith Yandle.
1:56 of 2nd period - Kyle Turris wins face-off versus Cody Hodgson in Avalanche zone.
1:56 of 2nd period - Kyle Turris is hit by Tyson Barrie.
1:58 of 2nd period - Shot by Thomas Vanek.
1:58 of 2nd period - Shot Misses the Net.
2:00 of 2nd period - Shot by Kyle Turris.
2:00 of 2nd period - Stopped by Mike Smith without a rebound.
2:01 of 2nd period - Derek Stepan wins face-off versus Kyle Turris in Avalanche zone.
2:12 of 2nd period - Shot by Derek Stepan.
2:12 of 2nd period - Goal by Derek Stepan - Avalanche : 1 - Sabres : 0.
2:13 of 2nd period - Paul Gaustad wins face-off versus Riley Sheahan in neutral zone.
2:13 of 2nd period - Paul Gaustad is hit by Quinton Howden.
2:16 of 2nd period - Oliver Ekman-Larsson is hit by Sami Vatanen and loses puck.
2:38 of 2nd period - Minor Penalty to Jakob Silfverberg for Tripping.
2:39 of 2nd period - Derek Stepan wins face-off versus Kyle Turris in Avalanche zone.
3:02 of 2nd period - Shot by Thomas Vanek.
3:02 of 2nd period - Goal by Thomas Vanek - Avalanche : 1 - Sabres : 1.
3:03 of 2nd period - Vincent Lecavalier wins face-off versus Jordan Staal in neutral zone.
3:19 of 2nd period - Oliver Ekman-Larsson is hit by Victor Bartley and loses puck.
4:08 of 2nd period - Shot by Thomas Vanek.
4:08 of 2nd period - Stopped by Mike Smith without a rebound.
4:09 of 2nd period - Derek Stepan wins face-off versus Paul Gaustad in Avalanche zone.
4:18 of 2nd period - Icing by Paul Gaustad.
4:19 of 2nd period - Paul Gaustad wins face-off versus Riley Sheahan in Sabres zone.
4:24 of 2nd period - Shot by Johnny Oduya.
4:24 of 2nd period - Stopped by Mike Smith without a rebound.
4:25 of 2nd period - Kyle Turris wins face-off versus Ryane Clowe in Avalanche zone.
5:05 of 2nd period - Jason Pominville is hit by Tyson Barrie and loses puck.
5:10 of 2nd period - Shot by Braydon Coburn.
5:10 of 2nd period - Shot Blocked by Tyson Barrie.
5:21 of 2nd period - Tyson Barrie is hit by Jordan Staal and loses puck.
5:39 of 2nd period - Brayden Schenn is hit by Keith Yandle and loses puck.
6:03 of 2nd period - Jordan Staal is hit by Tyson Barrie and loses puck.
6:20 of 2nd period - Shot by Nino Niederreiter.
6:20 of 2nd period - Shot Misses the Net.
7:00 of 2nd period - Keith Yandle is hit by Kyle Turris and loses puck.
7:05 of 2nd period - Shot by Kyle Turris.
7:05 of 2nd period - Deflect By Jason Pominville.
7:05 of 2nd period - Stopped by Mike Smith without a rebound.
7:06 of 2nd period - Riley Sheahan wins face-off versus Kyle Turris in Avalanche zone.
7:34 of 2nd period - Kevin Shattenkirk is hit by Kyle Turris and loses puck.
7:54 of 2nd period - Icing by Braydon Coburn.
7:55 of 2nd period - Kyle Turris wins face-off versus Cody Hodgson in Sabres zone.
8:00 of 2nd period - Shot by Vincent Lecavalier.
8:00 of 2nd period - Stopped by Ondrej Pavelec without a rebound.
8:01 of 2nd period - Brad Boyes wins face-off versus Vincent Lecavalier in Sabres zone.
8:01 of 2nd period - Brad Boyes is hit by Vincent Lecavalier.
8:51 of 2nd period - Icing by Francois Beauchemin.
8:52 of 2nd period - Riley Sheahan wins face-off versus Jordan Staal in Sabres zone.
9:23 of 2nd period - Shot by Kevin Shattenkirk.
9:23 of 2nd period - Stopped by Ondrej Pavelec without a rebound.
9:24 of 2nd period - Kyle Turris wins face-off versus Marcel Goc in Sabres zone.
9:24 of 2nd period - Kyle Turris is hit by Boone Jenner.
9:32 of 2nd period - Shot by Thomas Vanek.
9:32 of 2nd period - Stopped by Mike Smith without a rebound.
9:33 of 2nd period - Cody Hodgson wins face-off versus Kyle Turris in Avalanche zone.
9:50 of 2nd period - Shot by Cody Hodgson.
9:50 of 2nd period - Stopped by Ondrej Pavelec without a rebound.
9:51 of 2nd period - Riley Sheahan wins face-off versus Paul Gaustad in Sabres zone.
10:04 of 2nd period - Colby Robak is hit by Paul Byron and loses puck.
10:19 of 2nd period - Shot by Jakob Silfverberg.
10:19 of 2nd period - Stopped by Ondrej Pavelec with a rebound.
10:29 of 2nd period - Victor Bartley is hit by Paul Gaustad and loses puck.
10:53 of 2nd period - Minor Penalty to Vincent Lecavalier for Tripping.
10:54 of 2nd period - Derek Stepan wins face-off versus Kyle Turris in Avalanche zone.
10:54 of 2nd period - Derek Stepan is hit by Thomas Vanek.
11:06 of 2nd period - Icing by Jason Pominville.
11:07 of 2nd period - Derek Stepan wins face-off versus Jason Pominville in Sabres zone.
11:07 of 2nd period - Derek Stepan is hit by Francois Beauchemin.
11:20 of 2nd period - Shot by Jason Pominville.
11:20 of 2nd period - Shot Misses the Net.
11:22 of 2nd period - Shot by Kyle Turris.
11:22 of 2nd period - Stopped by Mike Smith without a rebound.
11:23 of 2nd period - Kyle Turris wins face-off versus Marcel Goc in Avalanche zone.
11:24 of 2nd period - Shot by Oliver Ekman-Larsson.
11:24 of 2nd period - Shot Misses the Net.
11:36 of 2nd period - Tyson Barrie is hit by Oliver Ekman-Larsson and loses puck.
11:54 of 2nd period - Shot by Thomas Vanek.
11:54 of 2nd period - Stopped by Mike Smith with a rebound.
11:56 of 2nd period - Shot by Francois Beauchemin.
11:56 of 2nd period - Stopped by Mike Smith without a rebound.
11:57 of 2nd period - Marcel Goc wins face-off versus Jordan Staal in Avalanche zone.
12:08 of 2nd period - Shot by Josh Gorges.
12:08 of 2nd period - Stopped by Mike Smith without a rebound.
12:09 of 2nd period - Derek Stepan wins face-off versus Jordan Staal in Avalanche zone.
12:35 of 2nd period - Shot by Josh Gorges.
12:35 of 2nd period - Stopped by Mike Smith without a rebound.
12:36 of 2nd period - Kyle Turris wins face-off versus Quinton Howden in Avalanche zone.
12:39 of 2nd period - Shot by Francois Beauchemin.
12:39 of 2nd period - Stopped by Mike Smith without a rebound.
12:40 of 2nd period - Marcel Goc wins face-off versus Kyle Turris in Avalanche zone.
13:26 of 2nd period - Brad Boyes is hit by Boone Jenner and loses puck.
14:00 of 2nd period - Icing by Brad Stuart.
14:01 of 2nd period - Derek Stepan wins face-off versus Tom Pyatt in Sabres zone.
14:20 of 2nd period - Shot by Ryane Clowe.
14:20 of 2nd period - Stopped by Ondrej Pavelec without a rebound.
14:21 of 2nd period - Thomas Vanek wins face-off versus Cody Hodgson in Sabres zone.
14:35 of 2nd period - Cody Hodgson is hit by Oliver Ekman-Larsson and loses puck.
15:02 of 2nd period - Christopher Higgins is hit by Francois Beauchemin and loses puck.
17:08 of 2nd period - Icing by Riley Sheahan.
17:09 of 2nd period - Tom Pyatt wins face-off versus Riley Sheahan in Avalanche zone.
17:36 of 2nd period - Kevin Shattenkirk is hit by Daniel Winnik and loses puck.
18:41 of 2nd period - Shot by Keith Yandle.
18:41 of 2nd period - Stopped by Ondrej Pavelec without a rebound.
18:42 of 2nd period - Paul Gaustad wins face-off versus Derek Stepan in Sabres zone.
18:42 of 2nd period - Paul Gaustad is hit by Ryane Clowe.
18:47 of 2nd period - Brad Stuart is hit by Victor Bartley and loses puck.
19:22 of 2nd period - Shot by Paul Byron.
19:22 of 2nd period - Shot Misses the Net.
19:24 of 2nd period - Shot by Johnny Oduya.
19:24 of 2nd period - Stopped by Mike Smith with a rebound.
19:46 of 2nd period - Shot by Riley Sheahan.
19:46 of 2nd period - Deflect By Jakob Silfverberg.
19:46 of 2nd period - Stopped by Ondrej Pavelec without a rebound.
19:47 of 2nd period - Cody Hodgson wins face-off versus Kyle Turris in Sabres zone.
Goals for this period are 1 for Avalanche vs 1 for Sabres.
Shots for this period are 8 for Avalanche vs 13 for Sabres.

3rd period


0:01 of 3rd period - Cody Hodgson wins face-off versus Kyle Turris in neutral zone.
0:01 of 3rd period - Sami Vatanen is hit by Kyle Turris and loses puck.
0:26 of 3rd period - Shot by Jason Pominville.
0:26 of 3rd period - Goal by Jason Pominville - Avalanche : 1 - Sabres : 2.
0:27 of 3rd period - Derek Stepan wins face-off versus Jordan Staal in neutral zone.
0:29 of 3rd period - Tyson Barrie is hit by Braydon Coburn and loses puck.
0:56 of 3rd period - Shot by Jordan Staal.
0:56 of 3rd period - Stopped by Mike Smith with a rebound.
0:58 of 3rd period - Shot by Brad Boyes.
0:58 of 3rd period - Stopped by Mike Smith without a rebound.
0:59 of 3rd period - Kyle Turris wins face-off versus Cody Hodgson in Avalanche zone.
1:00 of 3rd period - Shot by Thomas Vanek.
1:00 of 3rd period - Stopped by Mike Smith without a rebound.
1:01 of 3rd period - Cody Hodgson wins face-off versus Kyle Turris in Avalanche zone.
1:01 of 3rd period - Cody Hodgson is hit by Kyle Turris.
1:55 of 3rd period - Minor Penalty to Francois Beauchemin for Roughing.
1:55 of 3rd period - Minor Penalty to Quinton Howden for Interference.
1:56 of 3rd period - Jordan Staal wins face-off versus Derek Stepan in Sabres zone.
2:29 of 3rd period - Shot by Jordan Staal.
2:29 of 3rd period - Shot Misses the Net.
3:11 of 3rd period - Shot by Eric Gelinas.
3:11 of 3rd period - Stopped by Mike Smith without a rebound.
3:12 of 3rd period - Cody Hodgson wins face-off versus Jordan Staal in Avalanche zone.
3:32 of 3rd period - Shot by Christopher Higgins.
3:32 of 3rd period - Stopped by Ondrej Pavelec without a rebound.
3:33 of 3rd period - Cody Hodgson wins face-off versus Jordan Staal in Sabres zone.
3:58 of 3rd period - Shot by Thomas Vanek.
3:58 of 3rd period - Goal by Thomas Vanek - Avalanche : 1 - Sabres : 3.
3:59 of 3rd period - Kyle Turris wins face-off versus Derek Stepan in neutral zone.
4:30 of 3rd period - Shot by Kyle Turris.
4:30 of 3rd period - Deflect By Jason Pominville.
4:30 of 3rd period - Shot Misses the Net.
4:32 of 3rd period - Shot by Jason Pominville.
4:32 of 3rd period - Deflect By Thomas Vanek.
4:32 of 3rd period - Stopped by Mike Smith without a rebound.
4:33 of 3rd period - Riley Sheahan wins face-off versus Paul Gaustad in Avalanche zone.
4:33 of 3rd period - Quinton Howden is hit by Nino Niederreiter and loses puck.
4:47 of 3rd period - Quinton Howden is hit by Oliver Ekman-Larsson and loses puck.
4:55 of 3rd period - Riley Sheahan is hit by Oliver Ekman-Larsson and loses puck.
5:19 of 3rd period - Nino Niederreiter is hit by Quinton Howden and loses puck.
5:30 of 3rd period - Oliver Ekman-Larsson is hit by Christopher Higgins and loses puck.
5:42 of 3rd period - Icing by Oliver Ekman-Larsson.
5:43 of 3rd period - Paul Gaustad wins face-off versus Derek Stepan in Sabres zone.
6:29 of 3rd period - Icing by Sami Vatanen.
6:30 of 3rd period - Derek Stepan wins face-off versus Jordan Staal in Avalanche zone.
6:45 of 3rd period - Icing by Sami Vatanen.
6:46 of 3rd period - Tom Pyatt wins face-off versus Derek Stepan in Avalanche zone.
7:10 of 3rd period - Josh Gorges is hit by Tyson Barrie and loses puck.
7:33 of 3rd period - Josh Gorges is hit by Christopher Higgins and loses puck.
8:17 of 3rd period - Shot by Oliver Ekman-Larsson.
8:17 of 3rd period - Shot Misses the Net.
9:07 of 3rd period - Icing by Marcel Goc.
9:08 of 3rd period - Marcel Goc wins face-off versus Nino Niederreiter in Avalanche zone.
9:37 of 3rd period - Shot by Paul Byron.
9:37 of 3rd period - Stopped by Mike Smith without a rebound.
9:38 of 3rd period - Derek Stepan wins face-off versus Jordan Staal in Avalanche zone.
9:38 of 3rd period - Derek Stepan is hit by Brayden Schenn.
9:45 of 3rd period - Colby Robak is hit by Oliver Ekman-Larsson and loses puck.
11:02 of 3rd period - Shot by Thomas Vanek.
11:02 of 3rd period - Shot Misses the Net.
11:39 of 3rd period - Icing by Sami Vatanen.
11:40 of 3rd period - Paul Gaustad wins face-off versus Riley Sheahan in Avalanche zone.
11:47 of 3rd period - Shot by Paul Byron.
11:47 of 3rd period - Shot Blocked by Sami Vatanen.
11:52 of 3rd period - Icing by Kevin Shattenkirk.
11:53 of 3rd period - Paul Gaustad wins face-off versus Riley Sheahan in Avalanche zone.
12:25 of 3rd period - Off-side.
12:26 of 3rd period - Cody Hodgson wins face-off versus Jordan Staal in neutral zone.
12:47 of 3rd period - Shot by Cody Hodgson.
12:47 of 3rd period - Deflect By Christopher Higgins.
12:47 of 3rd period - Stopped by Ondrej Pavelec without a rebound.
12:48 of 3rd period - Kyle Turris wins face-off versus Derek Stepan in Sabres zone.
12:50 of 3rd period - Josh Gorges is hit by Ryane Clowe and loses puck.
13:00 of 3rd period - Kyle Turris is hit by Victor Bartley and loses puck.
13:13 of 3rd period - Shot by Jason Pominville.
13:13 of 3rd period - Stopped by Mike Smith with a rebound.
13:15 of 3rd period - Shot by Thomas Vanek.
13:15 of 3rd period - Shot Misses the Net.
13:32 of 3rd period - Icing by Jason Pominville.
13:33 of 3rd period - Kyle Turris wins face-off versus Cody Hodgson in Sabres zone.
13:43 of 3rd period - Braydon Coburn is hit by Christopher Higgins and loses puck.
13:55 of 3rd period - Shot by Christopher Higgins.
13:55 of 3rd period - Shot Misses the Net.
14:36 of 3rd period - Thomas Vanek is hit by Quinton Howden and loses puck.
15:28 of 3rd period - Derek Stepan is hit by Oliver Ekman-Larsson and loses puck.
15:40 of 3rd period - Marcus Johansson is hit by Oliver Ekman-Larsson and loses puck.
15:41 of 3rd period - Marcus Johansson from Avalanche is injured at 15:41 of 3rd period (Right Foot).
15:42 of 3rd period - Marcel Goc wins face-off versus Paul Gaustad in Sabres zone.
15:51 of 3rd period - Tyson Barrie is hit by Nino Niederreiter and loses puck.
15:55 of 3rd period - Icing by Tyson Barrie.
15:56 of 3rd period - Tom Pyatt wins face-off versus Marcel Goc in Avalanche zone.
16:00 of 3rd period - Icing by Tyson Barrie.
16:01 of 3rd period - Paul Gaustad wins face-off versus Marcel Goc in Avalanche zone.
16:01 of 3rd period - Paul Gaustad is hit by Tyson Barrie.
17:05 of 3rd period - Shot by Victor Bartley.
17:05 of 3rd period - Stopped by Ondrej Pavelec with a rebound.
17:07 of 3rd period - Shot by Cody Hodgson.
17:07 of 3rd period - Stopped by Ondrej Pavelec with a rebound.
17:09 of 3rd period - Shot by Colby Robak.
17:09 of 3rd period - Shot Misses the Net.
17:11 of 3rd period - Shot by Cody Hodgson.
17:11 of 3rd period - Deflect By Christopher Higgins.
17:11 of 3rd period - Shot Blocked by Jordan Staal.
17:13 of 3rd period - Shot by Victor Bartley.
17:13 of 3rd period - Stopped by Ondrej Pavelec without a rebound.
17:14 of 3rd period - Derek Stepan wins face-off versus Tom Pyatt in Sabres zone.
17:19 of 3rd period - Shot by Ryane Clowe.
17:19 of 3rd period - Stopped by Ondrej Pavelec without a rebound.
17:20 of 3rd period - Brad Boyes wins face-off versus Derek Stepan in Sabres zone.
17:36 of 3rd period - Icing by Kevin Shattenkirk.
17:37 of 3rd period - Kyle Turris wins face-off versus Derek Stepan in Avalanche zone.
17:42 of 3rd period - Shot by Jason Pominville.
17:42 of 3rd period - Stopped by Mike Smith without a rebound.
17:43 of 3rd period - Jordan Staal wins face-off versus Riley Sheahan in Avalanche zone.
18:12 of 3rd period - Shot by Riley Sheahan.
18:12 of 3rd period - Stopped by Ondrej Pavelec without a rebound.
18:13 of 3rd period - Cody Hodgson wins face-off versus Kyle Turris in Sabres zone.
18:19 of 3rd period - Icing by Johnny Oduya.
18:20 of 3rd period - Cody Hodgson wins face-off versus Kyle Turris in Sabres zone.
18:20 of 3rd period - Tyson Barrie is hit by Brad Stuart.
18:48 of 3rd period - Shot by Kyle Turris.
18:48 of 3rd period - Stopped by Mike Smith without a rebound.
18:49 of 3rd period - Jordan Staal wins face-off versus Derek Stepan in Avalanche zone.
19:00 of 3rd period - Shot by Brayden Schenn.
19:00 of 3rd period - Goal by Brayden Schenn - Avalanche : 1 - Sabres : 4.
19:01 of 3rd period - Riley Sheahan wins face-off versus Paul Gaustad in neutral zone.
19:33 of 3rd period - Shot by Kevin Shattenkirk.
19:33 of 3rd period - Shot Blocked by Oliver Ekman-Larsson.
19:35 of 3rd period - Shot by Sami Vatanen.
19:35 of 3rd period - Stopped by Ondrej Pavelec without a rebound.
19:36 of 3rd period - Derek Stepan wins face-off versus Jordan Staal in Sabres zone.
19:41 of 3rd period - Shot by Derek Stepan.
19:41 of 3rd period - Shot Misses the Net.
19:55 of 3rd period - Ryane Clowe is hit by Brad Stuart and loses puck.
Goals for this period are 0 for Avalanche vs 3 for Sabres.
Shots for this period are 8 for Avalanche vs 12 for Sabres.


Output by the SimonT Hockey Simulator (STHS) for Stephane Roy -- Original Page W3C XHTML 1.0 Valid
Hockey Simulator - Hockey Simulation - Hockey Manager